 Dungeon Crawl Stone Soup version 0.23.2 (webtiles) character file.

Game seed: 10823646230632053468

471 w00t the Gusty (level 7, -3/50 HPs)
             Began as a Gnoll Air Elementalist on Apr 11, 2019.
             Slain by an ogre
             ... wielding a +0 giant club
              (25 damage)
             ... on level 4 of the Dungeon.
             The game lasted 00:03:24 (4819 turns).

w00t the Gusty (Gnoll Air Elementalist)             Turns: 4819, Time: 00:03:25

Health: -3/50      AC:  4    Str: 10    XL:     7   Next: 9%
Magic:  10/15      EV: 15    Int: 23    God:
Gold:   195        SH:  0    Dex: 18    Spells: 3/17 levels left

rFire    . . .     SeeInvis .   a - +1 dagger (venom)
rCold    . . .     Gourm    .   (no shield)
rNeg     . . .     Faith    .   b - +0 robe
rPois    .         Spirit   .   k - +0 helmet
rElec    .         Reflect  .   (no cloak)
rCorr    .         Harm     .   (no gloves)
MR       .....                  m - +0 pair of boots
Stlth    +++.......             x - amulet of regeneration {+regen, !d}
HPRegen  0.56/turn              v - +3 ring of intelligence
MPRegen  0.14/turn              C - +3 ring of dexterity

@: no status effects
A: distributed training, fangs 1, strong nose
a: no special abilities


You were on level 4 of the Dungeon.
You were not hungry.

You visited 1 branch of the dungeon, and saw 4 of its levels.

You collected 195 gold pieces.

Inventory:

Hand Weapons
 a - a +1 dagger of venom (weapon)
 l - a +0 hand axe
Missiles
 f - 103 stones (quivered)
 g - 88 sling bullets
 z - 3 javelins
Armour
 b - a +0 robe (worn)
 k - a +0 helmet (worn)
 m - a +0 pair of boots (worn)
Jewellery
 v - a +3 ring of intelligence (left hand)
 x - an amulet of regeneration (around neck) {+regen, !d}
 C - a +3 ring of dexterity (right hand)
Wands
 p - a wand of digging (8) {@Vd}
 A - a wand of random effects (13)
 E - a wand of scattershot (7)
Scrolls
 d - 5 scrolls of remove curse {unknown}
 e - 3 scrolls of blinking {unknown}
 i - 2 scrolls of amnesia {unknown}
 j - 3 scrolls of identify {unknown}
 o - 2 scrolls of enchant armour {unknown}
 q - a scroll of immolation {unknown}
 s - a scroll of teleportation {unknown}
 y - a scroll of random uselessness {unknown}
 B - 2 scrolls of enchant weapon {unknown}
Potions
 c - 5 potions of curing {unknown}
 h - 2 potions of agility {unknown}
 n - 4 potions of heal wounds {unknown}
 t - a potion of mutation {unknown}
 u - a potion of ambrosia {unknown}
 w - a potion of resistance {unknown}
 D - a potion of degeneration {unknown}
 G - a potion of invisibility {unknown}
Comestibles
 r - 10 rations
 F - 8 chunks of flesh


   Skills:
 + Level 2.2 Fighting
 + Level 2.2 Short Blades
 + Level 2.2 Long Blades
 + Level 2.2 Axes
 + Level 2.2 Maces & Flails
 + Level 2.2 Polearms
 + Level 2.2 Staves
 + Level 2.2 Slings
 + Level 2.2 Bows
 + Level 2.2 Crossbows
 + Level 2.2 Throwing
 + Level 2.2 Armour
 + Level 5.1 Dodging
 + Level 4.7 Stealth
 + Level 2.2 Shields
 + Level 2.2 Unarmed Combat
 + Level 5.5 Spellcasting
 + Level 2.8 Conjurations
 + Level 1.8 Hexes
 + Level 1.8 Charms
 + Level 1.8 Summonings
 + Level 1.8 Necromancy
 + Level 1.8 Translocations
 + Level 1.8 Transmutations
 + Level 1.8 Fire Magic
 + Level 1.8 Ice Magic
 + Level 5.7 Air Magic
 + Level 1.8 Earth Magic
 + Level 1.8 Poison Magic
 + Level 2.4 Invocations
 + Level 2.2 Evocations


You had 3 spell levels left.
You knew the following spells:

 Your Spells              Type           Power        Failure   Level  Hunger
a - Shock                 Conj/Air       ####         1%          1    None
c - Airstrike             Air            ####......   9%          4    ####...
d - Static Discharge      Conj/Air       ####....     4%          3    ##.....
h - Swiftness             Chrm/Air       ###.....     3%          2    None
i - Call Imp              Summ           ##......     6%          2    None
B - Blink                 Tloc           N/A          6%          2    None

Your spell library contained the following spells:

 Spells                   Type           Power        Failure   Level  Hunger
 Magic Dart               Conj           ###.         2%          1    None
 Slow                     Hex            ##......     6%          2    None
 Mephitic Cloud           Conj/Pois/Air  ###.....     6%          3    ##.....
 Conjure Flame            Conj/Fire      ###.....     11%         3    ##.....
 Lightning Bolt           Conj/Air       ####......   38%         5    #####..


Dungeon Overview and Level Annotations

Branches:
Dungeon (4/15)
 Temple: D:4-7

Altars:


Innate Abilities, Weirdness & Mutations

Your experience applies equally to all skills.
You have very sharp teeth.
Your uncanny sense of smell can sniff out nearby items.


Message History

The ogre is moderately wounded.
Throwing (i - inventory. (/) - cycle)
f - 104 stones (quivered)
Press: ? - help, Shift-Dir - straight line, f/p - ogre
Aim: an ogre, wielding a +0 giant club (moderately wounded)
You throw a stone.
The stone hits the ogre but does no damage.
The ogre is moderately wounded.
You hit the ogre.
The ogre is poisoned.
Your bite misses the ogre.
The ogre is moderately wounded.
The ogre misses you. The ogre hits you with a +0 giant club!
You hit the ogre but do no damage.
The ogre looks even sicker.
The ogre is heavily wounded.
The ogre hits you with a +0 giant club!!
* * * LOW HITPOINT WARNING * * *
You hit the ogre.
The ogre looks as sick as possible!
The ogre is severely wounded.
The ogre hits you with a +0 giant club!!
Ouch! That really hurt!
You die...

##..###.#....).#...(.
#.......###.#..###.#$..
##.#.........#......# .. ∆ ..
#.......÷....###.#..###. ..
.........##......#..... .. ... ..
..#..............###.#.........#.
..##..#.###....#.....#.....##.##.
..##......#.....O....###.##.#.#..
..............#.@................
.#...........##.......###.....##.
.................#...###.........
.................##...###........
......#...<.......#..............
.....##.............##.....##....
.....#..............#............
................###..............
.....#.......##..#...............


You could see an ogre.

Vanquished Creatures
  An ogre (D:4)
  A scorpion (D:4)
  A hound (D:4)
  Jessica (D:3)
  An iguana (D:4)
  A worker ant (D:4)
  Robin (D:2)
  2 gnolls (D:4)
  A howler monkey skeleton (D:4)
  7 adders
  3 oozes
  4 worms
  2 dart slugs (D:3)
  2 leopard geckos
  2 orcs
  3 ball pythons
  9 giant cockroaches
  9 goblins
  14 hobgoblins
  4 jackals (D:2)
  9 kobolds
  A quokka (D:2)
  14 bats
  6 frilled lizards
  A quokka skeleton (D:4)
  9 rats
109 creatures vanquished.

Notes
Turn   | Place    | Note
-------+----------+-------------------------------------------
     0 | D:1      | w00t the Gnoll Air Elementalist began the quest for the
                  | Orb.
     0 | D:1      | Reached XP level 1. HP: 13/13 MP: 6/6
   250 | D:1      | Reached XP level 2. HP: 19/19 MP: 4/7
  1041 | D:2      | Reached XP level 3. HP: 25/25 MP: 6/9
  1112 | D:2      | Noticed Robin
  1114 | D:2      | Reached skill level 5 in Spellcasting
  1119 | D:2      | Killed Robin
  1119 | D:2      | Reached skill level 1 in Invocations
  1216 | D:2      | Reached skill level 1 in Fighting
  1216 | D:2      | Reached skill level 1 in Short Blades
  1216 | D:2      | Reached skill level 1 in Long Blades
  1216 | D:2      | Reached skill level 1 in Axes
  1216 | D:2      | Reached skill level 1 in Maces & Flails
  1216 | D:2      | Reached skill level 1 in Polearms
  1216 | D:2      | Reached skill level 1 in Staves
  1216 | D:2      | Reached skill level 1 in Slings
  1216 | D:2      | Reached skill level 1 in Bows
  1216 | D:2      | Reached skill level 1 in Crossbows
  1216 | D:2      | Reached skill level 1 in Throwing
  1216 | D:2      | Reached skill level 1 in Armour
  1216 | D:2      | Reached skill level 1 in Shields
  1216 | D:2      | Reached skill level 1 in Unarmed Combat
  1216 | D:2      | Reached skill level 1 in Evocations
  1216 | D:2      | Reached XP level 4. HP: 32/32 MP: 7/11
  1417 | D:2      | Learned a level 2 spell: Swiftness
  1421 | D:2      | Learned a level 3 spell: Static Discharge
  1426 | D:2      | Learned a level 4 spell: Airstrike
  2214 | D:2      | Reached skill level 1 in Hexes
  2214 | D:2      | Reached skill level 1 in Charms
  2214 | D:2      | Reached skill level 1 in Summonings
  2214 | D:2      | Reached skill level 1 in Necromancy
  2214 | D:2      | Reached skill level 1 in Translocations
  2214 | D:2      | Reached skill level 1 in Transmutations
  2214 | D:2      | Reached skill level 1 in Fire Magic
  2214 | D:2      | Reached skill level 1 in Ice Magic
  2214 | D:2      | Reached skill level 1 in Earth Magic
  2214 | D:2      | Reached skill level 1 in Poison Magic
  2667 | D:3      | Noticed Jessica
  2675 | D:3      | Killed Jessica
  2675 | D:3      | Reached XP level 5. HP: 37/37 MP: 9/12
  3399 | D:3      | Learned a level 2 spell: Call Imp
  3402 | D:3      | Learned a level 2 spell: Blink
  4110 | D:4      | Reached XP level 6. HP: 44/44 MP: 10/13
  4252 | D:4      | Reached skill level 5 in Dodging
  4678 | D:4      | Reached XP level 7. HP: 50/50 MP: 4/15
  4819 | D:4      | Slain by an ogre

Skill      XL: |  1  2  3  4  5  6 |
---------------+-------------------+-----
Conjurations   | 2 |  2.8
Spellcasting   | 5 |  5.5
Invocations    | 1 2 |  2.4
Fighting       | 1 2 |  2.2
Short Blades   | 1 2 |  2.2
Long Blades    | 1 2 |  2.2
Axes           | 1 2 |  2.2
Maces & Flails | 1 2 |  2.2
Polearms       | 1 2 |  2.2
Staves         | 1 2 |  2.2
Slings         | 1 2 |  2.2
Bows           | 1 2 |  2.2
Crossbows      | 1 2 |  2.2
Throwing       | 1 2 |  2.2
Armour         | 1 2 |  2.2
Shields        | 1 2 |  2.2
Unarmed Combat | 1 2 |  2.2
Evocations     | 1 2 |  2.2
Hexes          | 1 |  1.8
Charms         | 1 |  1.8
Summonings     | 1 |  1.8
Necromancy     | 1 |  1.8
Translocations | 1 |  1.8
Transmutations | 1 |  1.8
Fire Magic     | 1 |  1.8
Ice Magic      | 1 |  1.8
Earth Magic    | 1 |  1.8
Poison Magic   | 1 |  1.8
Dodging        | 5 |  5.1
Stealth        | |  4.7
Air Magic      | |  5.7

Action                   |  1- 3 |  4- 6 |  7- 9 || total
-------------------------+-------+-------+-------++-------
Melee: Dagger            |       |    16 |     3 ||    19
       Bite              |       |     1 |       ||     1
Throw: Stone             |       |       |     1 ||     1
 Cast: Shock             |    53 |   157 |    13 ||   223
       Static Discharge  |       |     6 |     1 ||     7
  Eat: Chunk             |     1 |    10 |     1 ||    12
Armor: Robe              |       |     7 |       ||     7
Dodge: Dodged            |       |    32 |     2 ||    34
